Map: Backcountry

Players

Magisterial

  • Race: Zerg Zerg
  • Spawn Location: 9:00

morebowls

  • Race: Terran Terran
  • Spawn Location: 11:00

SwaggySul

  • Race: Protoss Protoss
  • Spawn Location: 11:00

Njwboom - Winner!

  • Race: Protoss Protoss
  • League: Diamond
  • Spawn Location: 5:00

Manta - Winner!

  • Race: Zerg Zerg
  • League: Silver
  • Spawn Location: 5:00

Zarc - Winner!

  • Race: Terran Terran
  • League: Bronze
  • Spawn Location: 5:00

VOD

Have the link to the VOD?

Description

Time

  • Played on: Feb. 18, 2016, 9:23 p.m.
  • Length: 14:45
Show
View Real Time Build Order
Export as new Build Order

Magisterial Zerg 

Build Orders: Hatch First 

Get SALT Encoding   

  12  0:13  Drone x2  
  14  0:29  Overlord  
  14  0:47  Drone  
  15  0:53  Drone  
  15  0:54  Hatchery  
  15  0:55  Drone  
  16  1:00  Drone  
  17  1:09  Drone  
  18  1:20  Spawning Pool  
  18  1:21  Drone  
  18  1:34  Overlord  
  18  1:42  Drone  
  19  1:52  Drone  
  20  2:03  Drone  
  21  2:15  Extractor  
  21  2:21  Drone  
  21  2:24  Drone  
  22  2:39  Drone  
  22  2:43  Queen  
  25  2:44  Hatchery  
  25  2:48  Drone  
  25  2:50  Extractor  
  24  2:51  Queen  
  24  2:52  Drone  
  24  2:53  Drone x2  
  29  3:05  Drone  
  30  3:18  Drone  
  31  3:26  Drone  
  32  3:35  Spine Crawler x2  
  32  3:38  Zergling x2  
  32  3:40  Zergling x6  
  34  3:52  Metabolic Boost  
  35  3:55  Zergling x2  
  32  4:17  Zergling x2  
  32  4:18  Zergling x6  
  32  4:23  Zergling x4  
  32  4:24  Zergling x6  
  39  4:44  Zergling x4  
  39  4:45  Zergling x2  
  42  4:49  Overlord x3  
  42  4:50  Queen  
  40  5:14  Zergling x4  
  40  5:15  Zergling x8  
  40  5:18  Drone x2  
  40  5:19  Drone x2  
  40  5:20  Drone x4  
  54  5:29  Zergling x2  
  54  5:31  Drone  
  56  5:37  Drone  
  56  5:38  Drone  
  50  6:01  Zergling x8  
  49  6:24  Drone x6  
  54  6:28  Zergling x10  
  54  6:31  Extractor  
  54  6:32  Lair, Extractor  
  57  6:34  Spore Crawler  
  57  6:39  Roach Warren  
  55  6:49  Zergling x4  
  55  6:51  Spore Crawler  
  56  6:56  Spore Crawler  
  56  7:00  Baneling Nest  
  54  7:05  Zergling x8  
  54  7:06  Zergling x2  
  57  7:15  Hatchery  
  56  7:19  Zergling x4  
  56  7:20  Zergling x12  
  64  7:35  Hydralisk Den  
  63  7:39  Drone  
  63  7:40  Drone x3, Extractor  
  63  7:41  Extractor  
  65  7:47  Spore Crawler  
  64  7:52  Hydralisk Den  
  63  8:00  Spore Crawler  
  63  8:01  Drone x5, Spore Crawler  
  66  8:11  Drone, Spore Crawler  
  65  8:17  Drone  
  50  8:32  Drone x4  
  54  8:37  Hydralisk x4  
  54  8:38  Hydralisk x4  
  70  8:46  Overlord x3  
  70  8:47  Drone  
  71  8:50  Overlord x3  
  71  8:53  Queen  
  72  9:06  Hydralisk  
  72  9:08  Hydralisk x3  
  80  9:15  Hydralisk x3  
  80  9:16  Hydralisk x6  
  98  9:29  Drone x3  
  98  9:31  Spore Crawler  
  100  9:32  Spore Crawler  
  99  9:47  Hydralisk x2  
  99  9:49  Evolution Chamber, Hydralisk  
  99  9:50  Evolution Chamber  
  98  10:01  Hydralisk x2  
  98  10:02  Hydralisk  
  104  10:19  Hydralisk x3  
  106  10:31  Hydralisk  
  106  10:32  Hydralisk x3  
  106  10:34  Hydralisk  
  113  10:59  Hydralisk x3  
  113  11:04  Hydralisk x2  
  117  11:12  Drone x2  
  101  11:51  Hydralisk x3  
  103  12:07  Drone  
  103  12:08  Drone x2  
  104  12:34  Muscular Augments  
  48  13:03  Hatchery  
  48  13:05  Drone x7  
  53  13:11  Spire  
  53  13:17  Hydralisk x4  
  53  13:18  Hydralisk x6  
  73  13:22  Hydralisk x3  
  79  13:27  Hydralisk x2  
  79  13:51  Hydralisk x2  
  79  13:52  Hydralisk x3  
  86  13:55  Hydralisk x2  
  88  14:03  Hydralisk x3  
Show
View Real Time Build Order
Export as new Build Order

morebowls Terran 

Build Orders:  

Get SALT Encoding   

  12  0:02  SCV  
  13  0:14  SCV  
  14  0:26  Refinery  
  14  0:27  SCV  
  15  0:34  Supply Depot  
  15  0:56  SCV  
  16  1:00  Barracks  
  16  1:08  SCV  
  17  1:14  Barracks  
  17  1:20  SCV  
  18  1:32  SCV  
  19  1:50  Orbital Command  
  19  1:53  Barracks Tech Lab  
  19  1:59  Supply Depot  
  19  2:02  Barracks Tech Lab  
  19  2:08  Ghost Academy  
  19  2:31  Command Center  
  19  2:45  SCV  
  20  2:54  Ghost  
  20  2:57  SCV  
  23  3:09  SCV  
  23  3:10  Ghost  
  25  3:23  SCV  
  26  3:29  Factory  
  26  3:35  SCV  
  27  3:42  Refinery  
  22  4:10  Ghost  
  22  4:14  Factory Tech Lab  
  11  5:13  SCV x2  
  11  5:25  SCV x2  
  13  5:31  Ghost  
  15  5:37  SCV x2  
  17  5:49  SCV  
  19  5:59  Orbital Command  
  19  6:01  SCV  
  19  6:06  Siege Tank  
  22  6:14  Refinery, SCV  
  22  6:15  Refinery  
  23  6:25  Marine x2  
  23  6:26  SCV  
  26  6:35  SCV  
  26  6:38  SCV  
  26  6:39  Siege Tank  
  31  6:47  SCV  
  31  6:50  SCV  
  33  6:59  SCV  
  34  7:02  SCV  
  35  7:11  SCV  
  35  7:14  SCV  
  37  7:23  SCV  
  37  7:26  SCV  
  37  7:29  Ghost  
  39  7:30  Ghost  
  43  7:39  Personal Cloaking  
  43  7:58  Ghost  
  45  8:12  Supply Depot x2  
  45  8:14  Supply Depot  
  45  8:16  Engineering Bay  
  45  8:22  Ghost  
  45  8:27  Marine  
  44  8:35  Supply Depot  
  44  8:36  Supply Depot  
  44  8:51  Missile Turret, Marine  
  45  9:02  Missile Turret  
  45  9:04  Missile Turret  
  45  9:09  SCV  
  47  9:10  SCV  
  47  9:11  Missile Turret  
  47  9:21  SCV  
  47  9:22  SCV  
  47  9:23  Missile Turret  
  49  9:33  SCV  
  49  9:34  SCV  
  49  9:37  Supply Depot  
  52  9:45  SCV  
  52  9:46  SCV  
  53  9:57  SCV  
  53  9:58  SCV  
  55  10:00  Supply Depot  
  55  10:03  Ghost x2  
  59  10:09  SCV  
  59  10:10  SCV  
  46  10:22  SCV x2, Armory  
  46  10:23  Supply Depot  
  40  10:32  Ghost x2  
  40  11:00  Ghost  
  40  11:01  Ghost  
  44  11:10  Thor  
  46  11:39  SCV x2  
  48  11:51  SCV x2  
  50  12:03  SCV x2  
  52  12:15  SCV x2  
  53  12:27  SCV  
  23  13:11  SCV  
  23  13:12  SCV  
  24  13:23  SCV  
  24  13:24  SCV  
  15  13:36  SCV x2  
  15  13:48  SCV x2  
  15  14:00  SCV x2  
Show
View Real Time Build Order
Export as new Build Order

SwaggySul Protoss 

Build Orders: Zealot Archon 

Get SALT Encoding   

  12  0:03  Probe (Chrono Boost)  
  13  0:16  Probe (Chrono Boost)  
  14  0:25  Pylon  
  14  0:27  Probe (Chrono Boost)  
  15  0:43  Probe (Chrono Boost)  
  15  0:47  Gateway  
  16  0:50  Assimilator  
  16  0:54  Probe (Chrono Boost)  
  17  1:04  Probe (Chrono Boost)  
  18  1:17  Probe (Chrono Boost)  
  19  1:37  Cybernetics Core  
  19  1:38  Probe (Chrono Boost)  
  20  1:45  Assimilator  
  20  1:46  Nexus  
  20  2:22  Mothership Core (Chrono Boost)  
  22  2:23  Pylon  
  22  2:38  Twilight Council  
  22  2:40  Probe (Chrono Boost)  
  22  2:41  Gateway  
  22  2:43  Gateway  
  23  2:46  Pylon  
  23  2:58  Probe (Chrono Boost)  
  24  3:08  Probe (Chrono Boost)  
  25  3:15  Adept  
  25  3:29  Pylon  
  23  3:47  Probe (Chrono Boost)  
  24  3:49  Probe (Chrono Boost)  
  24  3:52  Warp Gate  
  25  3:58  Probe (Chrono Boost)  
  25  4:00  Probe (Chrono Boost)  
  27  4:14  Stalker x3  
  31  5:18  Probe (Chrono Boost)  
  32  5:22  Pylon  
  32  5:24  Probe (Chrono Boost)  
  32  5:26  Pylon  
  32  5:28  Resonating Glaives  
  33  5:29  Probe (Chrono Boost)  
  33  5:30  Assimilator  
  33  5:33  Assimilator  
  33  5:35  Probe (Chrono Boost)  
  35  5:39  Probe (Chrono Boost), Dark Shrine  
  36  5:44  Stargate  
  36  5:45  Probe (Chrono Boost)  
  37  5:52  Gateway  
  37  5:54  Gateway  
  37  5:56  Probe (Chrono Boost)  
  38  6:00  Probe (Chrono Boost)  
  39  6:07  Stalker x3, Probe (Chrono Boost)  
  39  6:11  Probe (Chrono Boost)  
  47  6:17  Probe (Chrono Boost)  
  48  6:21  Probe (Chrono Boost)  
  49  6:28  Probe (Chrono Boost)  
  49  6:32  Probe (Chrono Boost)  
  51  6:35  Phoenix  
  53  6:40  Forge x2  
  53  6:42  Probe (Chrono Boost)  
  54  6:53  Probe (Chrono Boost)  
  54  6:54  Dark Templar x2  
  57  6:55  Dark Templar  
  61  7:05  Probe (Chrono Boost)  
  58  7:50  Dark Templar x5  
  58  7:56  Archon x2  
  47  8:23  Mothership Core (Chrono Boost)  
  47  8:25  Probe (Chrono Boost)  
  49  8:33  Pylon  
  49  8:38  Pylon  
  49  8:39  Protoss Ground Armor Level 1 (Chrono Boost)  
  49  8:40  Probe (Chrono Boost)  
  50  8:45  Pylon  
  50  8:49  Probe (Chrono Boost), Protoss Ground Weapons Level 1 (Chrono Boost)  
  50  8:51  Probe (Chrono Boost)  
  52  8:59  Probe (Chrono Boost)  
  53  9:09  Dark Templar x2  
  57  9:12  Dark Templar  
  59  9:18  Dark Templar x2  
  59  9:23  Probe (Chrono Boost)  
  63  9:44  Gateway x2  
  63  9:50  Gateway  
  63  10:30  Stalker x5  
  73  10:43  Pylon  
  73  10:56  Archon  
  73  10:57  Archon  
  73  10:58  Archon  
  73  11:06  Photon Cannon  
  73  11:08  Photon Cannon  
  73  11:11  Photon Cannon  
  73  11:13  Photon Cannon  
  73  11:16  Photon Cannon  
  73  11:19  Dark Templar x5  
  73  11:20  Dark Templar  
  73  11:24  Probe  
  85  11:30  Pylon  
  85  11:32  Pylon  
  86  11:33  Pylon  
  86  11:35  Pylon  
  86  11:52  Protoss Ground Weapons Level 2 (Chrono Boost)  
  86  12:01  Probe  
  86  12:04  Photon Cannon  
  86  12:05  Photon Cannon  
  87  12:15  Probe  
  88  12:25  Probe  
  47  12:49  Dark Templar x6  
  47  12:50  Probe, Dark Templar x2  
  63  12:56  Nexus  
  64  13:05  Probe  
  65  13:17  Phoenix  
  44  13:56  Stalker x2  
  44  13:57  Stalker x4  
  44  13:58  Stalker x2  
Show
View Real Time Build Order
Export as new Build Order

Njwboom Protoss - Winner!

Build Orders:  

Get SALT Encoding   

  12  0:01  Probe (Chrono Boost)  
  13  0:11  Probe (Chrono Boost)  
  14  0:19  Pylon  
  14  0:22  Probe (Chrono Boost)  
  15  0:38  Probe (Chrono Boost)  
  15  0:40  Gateway  
  16  0:48  Probe (Chrono Boost)  
  17  0:56  Assimilator  
  17  0:59  Assimilator, Probe (Chrono Boost)  
  18  1:09  Probe (Chrono Boost)  
  19  1:19  Gateway  
  19  1:20  Probe (Chrono Boost)  
  20  1:30  Probe (Chrono Boost)  
  20  1:31  Cybernetics Core  
  21  1:34  Pylon  
  21  1:41  Probe (Chrono Boost)  
  22  1:50  Gateway  
  22  1:55  Gateway  
  22  2:07  Stalker  
  24  2:10  Stalker  
  24  2:14  Warp Gate (Chrono Boost)  
  26  2:28  Pylon  
  26  2:33  Pylon  
  26  2:37  Stalker  
  26  2:42  Stalker  
  30  2:50  Stalker  
  32  3:29  Probe, Nexus  
  33  3:48  Robotics Facility  
  33  4:11  Stalker x4  
  41  4:41  Observer  
  40  5:02  Probe  
  40  5:04  Probe  
  38  5:13  Probe  
  35  5:14  Observer  
  35  5:16  Probe  
  35  5:19  Pylon  
  37  5:21  Pylon  
  37  5:26  Gateway  
  37  5:29  Gateway  
  37  5:31  Gateway  
  37  5:32  Twilight Council  
  37  5:37  Assimilator  
  37  5:40  Assimilator  
  37  5:42  Adept x3  
  42  5:53  Adept  
  33  6:09  Blink  
  33  6:11  Probe  
  31  6:12  Probe  
  33  6:24  Probe  
  34  6:42  Stalker x4  
  34  6:46  Probe  
  42  6:47  Probe  
  44  7:14  Probe  
  44  7:16  Probe  
  44  7:23  Observer  
  44  7:28  Probe  
  46  7:33  Probe  
  45  7:40  Probe  
  45  7:44  Probe  
  43  7:52  Probe  
  43  7:54  Probe  
  45  8:04  Probe  
  45  8:05  Probe  
  46  8:11  Adept x7  
  60  8:15  Probe  
  60  8:16  Probe  
  62  8:26  Probe  
  54  8:28  Probe  
  56  8:36  Probe  
  56  8:41  Probe (Chrono Boost)  
  58  8:48  Probe (Chrono Boost)  
  58  8:52  Probe (Chrono Boost)  
  60  8:56  Stalker  
  60  8:57  Stalker x5  
  60  9:00  Stalker  
  74  9:23  Robotics Bay  
  74  9:25  Robotics Facility  
  72  10:17  Stalker x2  
  72  10:18  Stalker  
  78  10:27  Pylon  
  78  10:29  Pylon x3  
  78  10:41  Robotics Facility  
  78  10:45  Colossus (Chrono Boost)  
  78  10:47  Colossus (Chrono Boost)  
  60  11:34  Colossus x2 (Chrono Boost)  
  72  11:41  Colossus (Chrono Boost)  
  72  12:06  Assimilator  
  72  12:07  Assimilator  
  72  12:09  Nexus  
  72  12:10  Pylon x2  
  72  12:13  Pylon  
  72  12:16  Forge  
  72  12:29  Extended Thermal Lance  
  72  12:31  Forge  
  60  12:53  Colossus x2 (Chrono Boost)  
  78  12:59  Colossus (Chrono Boost)  
  72  13:39  Colossus x2 (Chrono Boost)  
  84  13:44  Probe x2  
  84  13:45  Probe  
  84  13:46  Colossus (Chrono Boost)  
  93  14:21  Zealot  
  93  14:22  Zealot x4  
  103  14:25  Zealot  
Show
View Real Time Build Order
Export as new Build Order

Manta Zerg - Winner!

Build Orders: Hatch First 

Get SALT Encoding   

  12  0:04  Drone  
  13  0:22  Drone  
  14  0:54  Hatchery  
  13  1:20  Spawning Pool  
  13  1:23  Hatchery  
  11  1:37  Overlord  
  11  1:38  Drone  
  11  1:39  Drone  
  13  1:51  Drone  
  14  2:04  Drone  
  15  2:09  Extractor  
  15  2:11  Queen  
  17  2:15  Drone  
  17  2:32  Queen  
  17  2:34  Queen  
  21  2:38  Drone  
  21  2:42  Drone  
  23  3:19  Extractor  
  24  3:25  Drone  
  24  3:26  Drone x5  
  28  3:39  Lair  
  28  3:59  Extractor  
  28  4:00  Drone x7, Extractor  
  28  4:01  Drone  
  34  4:04  Overlord  
  34  4:38  Spire  
  33  4:42  Drone x5  
  33  4:43  Drone x4  
  42  4:46  Overlord  
  42  5:21  Extractor  
  42  5:25  Drone x3  
  42  5:26  Drone x6  
  50  5:34  Extractor  
  49  5:37  Drone  
  49  5:38  Overlord  
  49  5:39  Overlord x3  
  50  6:03  Mutalisk x8  
  60  6:04  Mutalisk  
  66  6:29  Queen  
  66  6:31  Overlord  
  66  6:32  Overlord  
  68  6:33  Drone x7  
  75  7:10  Drone  
  75  7:11  Drone x6  
  82  7:17  Mutalisk x8  
  82  7:20  Overlord  
  82  7:21  Overlord  
  98  7:30  Overseer  
  98  7:32  Overseer, Pneumatized Carapace  
  98  7:34  Overseer  
  74  8:39  Mutalisk x2  
  74  8:40  Mutalisk x9  
  96  9:14  Mutalisk x4  
  96  9:15  Zergling x2  
  96  9:17  Overlord x7  
  105  9:33  Drone  
  105  9:38  Drone x4  
  107  9:40  Drone x2  
  114  9:46  Hatchery  
  114  9:50  Queen  
  100  11:06  Drone x7  
  107  11:12  Drone x6  
  113  11:20  Zerg Flyer Armor Level 1  
  113  11:23  Mutalisk x3  
  113  11:25  Spire  
  108  12:12  Mutalisk  
  108  12:13  Mutalisk x9  
  108  12:14  Mutalisk x6  
  134  12:57  Mutalisk  
  134  12:58  Mutalisk x6  
  134  12:59  Zergling x4  
  148  13:14  Overlord  
  148  13:15  Overlord x2  
  148  13:19  Hatchery  
Show
View Real Time Build Order
Export as new Build Order

Zarc Terran - Winner!

Build Orders:  

Get SALT Encoding   

  12  0:02  SCV  
  14  0:14  SCV  
  14  0:22  Supply Depot  
  14  0:26  SCV  
  15  0:44  SCV  
  15  0:45  Barracks  
  16  0:54  Refinery  
  16  0:56  SCV  
  17  1:08  SCV  
  17  1:10  Barracks  
  18  1:20  SCV  
  19  1:30  Supply Depot  
  19  1:32  SCV  
  20  1:41  Barracks Reactor  
  21  1:48  Refinery  
  21  1:50  Orbital Command  
  20  1:59  Barracks Reactor  
  20  2:18  SCV  
  20  2:21  Marine x2  
  23  2:29  Factory  
  23  2:31  SCV  
  23  2:36  Marine  
  23  2:37  Marine  
  25  2:39  Marine x2  
  25  2:43  SCV  
  29  3:03  Marine x2  
  31  3:13  Supply Depot  
  31  3:15  Factory Reactor  
  31  3:23  Starport  
  31  3:34  Marine x2, SCV  
  31  3:36  Supply Depot  
  34  3:45  Marine x2  
  34  3:46  SCV  
  37  3:52  Marine x2  
  39  4:01  Command Center  
  39  4:30  Barracks  
  39  4:33  Command Center  
  39  4:43  Marine x4  
  43  4:51  Medivac  
  45  5:20  Command Center  
  45  5:30  Marine x3  
  45  5:34  Medivac  
  50  5:49  SCV x3  
  53  6:01  SCV  
  54  6:05  Barracks Tech Lab  
  54  6:12  Barracks  
  54  6:23  Marine x3  
  57  6:28  Medivac x2  
  57  6:31  SCV  
  57  6:32  SCV  
  63  6:34  SCV  
  64  6:49  SCV x3  
  67  6:58  Combat Shields  
  67  7:00  Barracks  
  66  7:01  SCV x2  
  66  7:02  Barracks Tech Lab, SCV  
  66  7:05  Marine x2  
  66  7:06  Marine x2  
  66  7:07  Marine  
  74  7:13  SCV  
  75  7:19  Refinery  
  75  7:24  Refinery  
  75  7:31  Engineering Bay  
  75  7:33  Medivac  
  77  7:38  Concussive Shells  
  77  7:45  Refinery  
  77  7:50  Refinery  
  76  7:57  Barracks Tech Lab  
  76  8:00  Barracks  
  76  8:07  Marauder, Marine x4  
  76  8:08  Marauder  
  84  8:15  SCV x3  
  87  8:24  Marine  
  88  8:27  SCV x2, Terran Infantry Weapons Level 1  
  88  8:29  Marauder  
  88  8:33  Engineering Bay  
  92  8:41  Supply Depot  
  92  8:42  Supply Depot  
  92  8:44  Supply Depot  
  92  8:45  Supply Depot  
  92  8:47  Barracks Reactor  
  92  8:50  Stimpack  
  92  9:03  Marauder, SCV x2  
  96  9:15  Medivac x2  
  100  9:17  Marine  
  100  9:18  Marauder x2, Marine x2  
  107  9:25  Marauder  
  107  9:27  Orbital Command  
  107  9:30  Orbital Command  
  109  9:34  Orbital Command  
  109  9:45  Medivac  
  111  9:56  SCV  
  111  9:57  SCV  
  113  10:09  SCV x2  
  115  10:19  Marine  
  115  10:20  Marauder x2, Marine x2  
  115  10:21  Marauder  
  124  10:40  Terran Infantry Armor Level 1  
  124  10:52  Armory  
  124  11:29  Supply Depot  
  124  11:30  Supply Depot  
  124  11:31  Supply Depot  
  124  11:36  Supply Depot  
  124  11:50  Medivac x2  
  124  11:51  Marauder x2  
  124  11:52  Marauder, Marine x4, SCV x2  
  124  11:53  Supply Depot, Marine x2, SCV  
  143  12:04  SCV x2  
  143  12:05  SCV  
  146  12:09  Marine x4  
  146  12:10  Marine x2  
  146  12:12  Marauder x2  
  158  12:15  Marauder  
  158  12:16  SCV x2  
  158  12:17  SCV  
  158  12:20  Medivac x2  
  155  12:26  Supply Depot  
  155  12:27  Marine x2  
  155  12:28  Marine x2  
  155  12:29  SCV  
  130  12:34  Marauder x2  
  120  12:37  Marauder  
  120  12:39  Marine  
  120  12:40  Marine  
  120  12:45  Marine x2  
  120  12:46  Marine x2  
  120  12:49  Supply Depot  
  120  12:50  Medivac x2  
  128  12:55  Marauder x2  
  128  12:57  Marine x2  
  128  12:58  Marauder  
  135  13:03  Marine  
  136  13:07  Marine x3  
  136  13:12  Supply Depot  
  139  13:15  Marine x2  
  139  13:16  Marauder x2  
  139  13:19  Marauder  
  147  13:20  Medivac x2  
  147  13:21  Marine  
  147  13:25  Marine  
  153  13:27  Marine x2  
  153  13:33  Marine  
  156  13:35  Supply Depot  
  156  13:38  Marauder x2  
  156  13:41  Marauder  
  162  13:50  Medivac x2  
  166  13:55  Marine  
  166  13:56  Marine x3  
  166  13:57  Marine  
  166  13:59  Supply Depot, Marauder x2  
  166  14:02  Marauder  
  177  14:21  Marauder x2, Supply Depot  
  177  14:24  Marauder  
  187  14:43  Supply Depot  
Tags
 
Add a new tag
Caveats
  • Supply blocks, unpowered buildings, or Contaminate may cause inaccurate times.
  • Supply counts are checked every 10 seconds.